 Dungeon Crawl Stone Soup version 0.19.5 (webtiles) character file.

157832 Peloso the Hoplite (level 16, -2/147 HPs)
             Began as a Minotaur Fighter on May 22, 2017.
             Was the Champion of Okawaru.
             Slain by a spectral spiny frog (7 damage)
             ... called from beyond by a ghost crab
             ... called by a spriggan druid
             ... on level 4 of the Swamp on May 23, 2017.
             The game lasted 01:43:42 (33687 turns).

Peloso the Hoplite (Minotaur Fighter)              Turns: 33687, Time: 01:43:44

Health: -2/147     AC: 25    Str: 28    XL:     16   Next: 86%
Magic:  16/16      EV: 12    Int:  5    God:    Okawaru [******]
Gold:   1817       SH: 24    Dex: 22    Spells: 0 memorised, 15 levels left

rFire  + + .     SeeInvis +     N - +2 scimitar (flame)
rCold  . . .     Gourm    .     b - +2 plate armour {rF+}
rNeg   . . .     Faith    .     c - +1 shield
rPois  +         Spirit   .     w - +0 hat of Inviolability {Dex+5}
rElec  +         Reflect  +     I - +2 cloak {rPois}
rCorr  .         Harm     .     X - +0 pair of gloves {Dex+3}
MR     .....                    v - +0 pair of boots {Stlth+}
Stlth  ..........               C - +5 amulet of reflection
                                G - +4 ring of strength
                                U - ring of Faluehic {rElec rF+ MR- Slay+5 SInv}

@: about to teleport, drained
A: retaliatory headbutt, horns 2
a: Heroism, Finesse, Renounce Religion
}: 1/15 runes: decaying


You were on level 4 of the Swamp.
You worshipped Okawaru.
Okawaru was exalted by your worship.
You were not hungry.

You visited 5 branches of the dungeon, and saw 28 of its levels.
You also visited: Sewer and Volcano.

You collected 2820 gold pieces.
You spent 1003 gold pieces at shops.

Inventory:

Hand Weapons
 k - the +0 long sword of Osyeg {protect, +Fly rElec rN+}
   (You found it on level 2 of the Lair of Beasts)

   It protects the one who uses it against injury (+AC on strike).
   It insulates you from electricity.
   It protects you from negative energy.
   It lets you fly.
 N - a +2 scimitar of flaming (weapon)
 Q - a +3 vampiric demon blade
 V - a +2 demon blade of pain
Armour
 b - a +2 plate armour of fire resistance (worn)
 c - a +1 shield (worn)
 v - a +0 pair of boots of stealth (worn)
 w - the +0 hat of Inviolability (worn) {Dex+5}
   (Okawaru gifted it to you on level 3 of the Lair of Beasts)

   It affects your dexterity (+5).
 D - a +2 hat of magic resistance
 E - the +1 pair of gloves of the Swamp {+Blink}
   (You found it on level 1 of the Swamp)

   It lets you blink.
 I - a +2 cloak of poison resistance (worn)
 X - a +0 pair of gloves of dexterity (worn)
Jewellery
 m - an uncursed amulet of the gourmand
 C - a +5 amulet of reflection (around neck)
 G - a +4 ring of strength (right hand)
 T - a +4 ring of strength
 U - the ring of Faluehic (left hand) {rElec rF+ MR- Slay+5 SInv}
   (You bought it in a shop on level 2 of the Orcish Mines)

   [ring of protection from fire]

   It affects your accuracy and damage with ranged weapons and melee attacks
   (+5).
   It protects you from fire.
   It insulates you from electricity.
   It affects your resistance to hostile enchantments.
   It lets you see invisible.
Wands
 l - a wand of confusion (29/48)
 p - a wand of polymorph (14/24)
 u - a wand of acid (8/15)
 H - a wand of disintegration (22/24)
 R - a wand of slowing (13/48)
Scrolls
 g - 10 scrolls of teleportation
 h - a scroll of fear
 n - a scroll of identify
 q - 3 scrolls of recharging
 s - 5 scrolls of magic mapping
 x - 6 scrolls of blinking
 y - a scroll of summoning
 F - a scroll of enchant armour
 J - 13 scrolls of remove curse
 K - a scroll of amnesia
 M - a scroll of fog
Potions
 a - 3 potions of might
 e - 5 potions of haste
 i - 7 potions of curing
 j - 8 potions of flight
 r - 4 potions of agility
 t - a potion of heal wounds
 B - 3 potions of berserk rage
 S - 5 potions of resistance
Books
 d - a book of Ice

   Spells                             Type                      Level
   a - Ice Form                       Ice/Transmutation            4
   b - Metabolic Englaciation         Hexes/Ice                    5
   c - Ozocubu's Refrigeration        Ice                          6
   d - Bolt of Cold                   Conjuration/Ice              6
   e - Freezing Cloud                 Conjuration/Ice/Air          6
   f - Simulacrum                     Ice/Necromancy               6
 P - a book of Dreams

   Spells                             Type                      Level
   a - Ensorcelled Hibernation        Hexes/Ice                    2
   b - Silence                        Hexes/Air                    5
   c - Darkness                       Hexes                        6
   d - Shadow Creatures               Summoning                    6
Miscellaneous
 L - a disc of storms
Comestibles
 f - 13 bread rations
 o - 10 slices of pizza
 z - 3 beef jerkies
 A - 16 fruits
 O - 12 meat rations
 W - a royal jelly


   Skills:
 + Level 14.6(13.5) Fighting
 + Level 16.6(15.4) Long Blades
   Level 2.1(1.3) Axes
 + Level 14.9(13.8) Armour
 + Level 6.2(5.3) Dodging
 + Level 3.6(2.8) Stealth
 + Level 21.6(20.3) Shields
 + Level 0.7(0.0) Unarmed Combat
 + Level 2.2(1.4) Invocations
 + Level 0.6(0.0) Evocations


You had 15 spell levels left.
You didn't know any spells.

Dungeon Overview and Level Annotations

Branches:
Dungeon (15/15)            Temple (1/1) D:6            Lair (6/6) D:10
  Swamp (4/4) Lair:3       Spider (0/4) Lair:3        Slime (0/5) Lair:6
    Orc (2/2) D:10            Elf (0/3) Orc:2        Vaults (0/5) D:13
 Depths (0/5) D:15

Altars:
Ashenzari
Cheibriados
Dithmenos
Elyvilon
Fedhas
Gozag
Hepliaklqana
Kikubaaqudgha
Makhleb
Nemelex Xobeh
Okawaru
Qazlal
Ru
Sif Muna
Trog
Uskayaw
Vehumet
Xom
Yredelemnul
Zin
The Shining One
Beogh
Jiyva

Shops:
D:7 (   D:12 (   Orc:1 %   Orc:2 [*(=%

Annotations:
Lair:2 exclusion: 3 oklob plants


Innate Abilities, Weirdness & Mutations

You reflexively headbutt those who attack you in melee.
You have a pair of horns on your head.


Message History

* * * LOW HITPOINT WARNING * * *
You feel drained.
* * * LOW HITPOINT WARNING * * *
The spectral six-headed hydra bites you but does no damage.
You block the spectral six-headed hydra's attack.
The spectral five-headed hydra bites you but does no damage.
The spectral five-headed hydra closely misses you.
The spectral five-headed hydra bites you.
* * * LOW HITPOINT WARNING * * *
The spectral five-headed hydra bites you.
* * * LOW HITPOINT WARNING * * *
The spectral five-headed hydra bites you but does no damage.
The spectral seven-headed hydra bites you but does no damage. x2
The spectral seven-headed hydra closely misses you.
You block the spectral seven-headed hydra's attack.
The spectral seven-headed hydra bites you but does no damage.
The spectral seven-headed hydra barely misses you.
The spectral seven-headed hydra misses you.
The spectral spiny frog hits you!
You die...

..≈§≈≈≈≈..♣ ♣ k≈.≈≈≈≈.≈♣♣..≈.. ♣♣
≈≈...≈.....≈≈... ♣♣♣♣♣♣.
♣.§≈.≈$≈≈.≈§≈... ♣≈≈≈...
≈.§§..≈≈≈.≈♣§§§§ ♣≈≈≈≈≈≈
..k§k$.≈§≈..§§§§ ♣.≈≈≈≈.
≈♣♣♣wtw§≈≈≈.§§§t ♣♣♣♣ ♣.≈≈≈≈≈
.♣♣§n§≈≈≈≈≈≈§§ZZ♣♣♣♣..♣♣ ♣.≈≈≈..
≈♣♣§§§≈≈≈≈≈≈≈§ZZ@§♣♣.≈.♣ ♣♣.≈(♣≈
.♣♣Z)≈≈≈≈≈≈≈§§§ZZZ§♣≈..♣♣♣♣♣.≈≈♣♣
≈.♣♣♣.≈≈≈≈≈≈≈§≈§§§≈♣♣♣≈..≈♣.≈≈≈.♣
..♣ ♣.≈≈≈.≈≈≈≈≈≈≈≈♣♣♣≈.≈≈.♣.≈≈.♣♣
♣♣♣ ♣...(.≈≈≈≈≈≈≈.♣≈.≈≈≈≈..♣.≈.♣♣
♣ ≈♣..≈♣..§≈≈≈.♣♣♣♣≈≈≈≈♣♣♣≈≈♣♣♣♣.
♣ ..≈.....≈..♣♣ ♣♣≈≈♣♣ ♣≈≈..♣♣.
♣♣.≈≈..≈.♣♣.§♣ ♣♣♣♣ ♣....♣♣♣
♣≈≈≈≈♣ ♣..♣♣ ♣≈≈.♣♣ ♣


You could see a ghost crab, a spectral seven-headed hydra, 2 spectral six-headed
hydras, a spectral five-headed hydra, 2 spectral spiny frogs and a spectral
swamp drake.

Vanquished Creatures
  Nikola (Swamp:3)
  A bone dragon (Swamp:4)
  Rupert (Lair:3)
  Gastronok (Lair:2)
  2 thorn hunters
  An orc warlord (Orc:2)
  A dire elephant (Lair:6)
  Snorg (D:11)
  A fire dragon (Lair:4)
  A yaktaur captain (D:15)
  Harold (Lair:2)
  17 hydras
  4 vault guards
  4 ghost crabs
  2 catoblepae
  3 alligators
  A dancing weapon (Volcano)
  4 centaur warriors
  A deep troll shaman (Lair:6)
  3 death yaks (Lair:6)
  The ghost of Gitz the Carver, a novice DsBe of Trog (Lair:1)
  2 orc high priests
  5 skeletal warriors (D:13)
  The ghost of Kisielow the Nimble, a novice MfTm of Qazlal (D:7)
  4 spriggan druids
  A death drake (Swamp:4)
  4 unseen horrors
  A phantasmal warrior (Swamp:4)
  5 swamp dragons
  4 hill giants
  A shambling mangrove (Swamp:1)
  5 wizards (Volcano)
  A lindwurm (Lair:1)
  5 orc knights
  A spectral hydra (Swamp:4)
  An orb spider (Lair:3)
  2 wolf spider zombies
  A deep elf mage (D:15)
  6 cyclopes
  6 orc sorcerers
  6 elephants
  5 toenail golems (Volcano)
  Maurice (D:8)
  3 ugly things
  4 black mambas
  2 torpor snails (Lair:5)
  2 gargoyles
  18 spiny frogs
  8 komodo dragons
  5 swamp worm zombies (Swamp:4)
  4 rime drakes
  4 hydra zombies (Swamp:4)
  An efreet (D:14)
  A yaktaur (D:15)
  A tengu conjurer (D:13)
  11 trolls
  A two-headed ogre (D:9)
  6 polar bears
  2 tyrant leeches
  15 slime creatures
  A harpy skeleton (D:14)
  3 alligator zombies (Swamp:4)
  12 bog bodies
  22 hornets
  A meliai zombie (D:10)
  11 hippogriffs
  4 spectral swamp dragons (Swamp:4)
  16 blink frogs
  11 spriggans
  31 yaks
  6 shadows
  6 wyverns
  A basilisk (shapeshifter) (D:15)
  2 hungry ghosts
  A wraith (D:15)
  2 basilisks
  10 vampire mosquitoes
  Edmund (D:4)
  16 insubstantial wisps
  A mottled dragon (D:13)
  7 wargs
  13 swamp worms
  A soldier ant (D:12)
  14 water moccasins
  5 ice beasts
  28 orc warriors
  7 porcupines
  9 swamp drakes
  12 phantoms
  4 black bears
  3 sky beasts
  An eye of draining (D:13)
  15 centaurs
  2 necrophages
  3 swamp dragon zombies (Swamp:4)
  10 wolves
  11 ogres
  12 crocodiles
  7 big kobolds (D:5)
  The ghost of Nr616 the Magician, an amateur GrWz (D:3)
  15 bullfrogs
  2 wyvern skeletons
  3 scorpions
  7 killer bees
  5 wights
  2 electric eels
  6 howler monkeys
  5 crimson imps
  4 centaur zombies
  A bullfrog zombie (D:12)
  9 hounds
  3 jellies
  A quasit (D:5)
  3 bullfrog skeletons
  6 centaur skeletons
  22 orc priests
  A gnoll shaman (D:9)
  4 iguanas
  A spectral swamp drake (Swamp:4)
  17 orc wizards
  A siren (Sewer)
  11 worker ants
  A merfolk avatar (Sewer)
  15 adders
  18 gnolls
  A howler monkey skeleton (D:8)
  2 swamp drake zombies (Swamp:4)
  3 river rats (Sewer)
  3 shadow imps
  An ooze (D:3)
  3 adder skeletons
  3 worms (D:14)
  7 leopard geckos
  58 orcs
  7 giant cockroaches
  11 hobgoblins
  6 jackals
  48 kobolds
  A quokka (D:8)
  5 ball pythons
  4 bats
  9 frilled lizards
  A goblin (D:1)
  2 quokka skeletons
  A quokka zombie (D:8)
  29 rats
899 creatures vanquished.

Vanquished Creatures (others)
  A spriggan (Swamp:4)
  A deep elf mage (D:13)
  A hornet (Swamp:4)
  A bog body (Swamp:3)
  A slime creature (Swamp:3)
  2 vampire mosquitoes (Swamp:3)
  A swamp worm (Swamp:4)
  An orc warrior (Orc:2)
  6 centaurs
  A crimson imp (D:12)
  6 briar patches (Swamp:3)
  A bush (Lair:3)
  9 fungi
  6 plants
38 creatures vanquished.

Grand Total: 937 creatures vanquished

Notes
Turn   | Place    | Note
-------+----------+-------------------------------------------
     0 | D:1      | Peloso the Minotaur Fighter began the quest for the Orb.
     0 | D:1      | Reached XP level 1. HP: 19/19 MP: 0/0
   150 | D:1      | Reached XP level 2. HP: 27/27 MP: 1/1
   228 | D:1      | Reached skill level 4 in Shields
   304 | D:1      | Reached XP level 3. HP: 30/33 MP: 2/2
   763 | D:2      | Reached XP level 4. HP: 41/41 MP: 3/3
  1284 | D:3      | Noticed Nr616's ghost (amateur GrWz)
  1297 | D:3      | Killed Nr616's ghost
  1297 | D:3      | Reached skill level 1 in Dodging
  1297 | D:3      | Reached XP level 5. HP: 45/47 MP: 4/4
  1902 | D:4      | Reached skill level 5 in Fighting
  1902 | D:4      | Reached skill level 5 in Shields
  1913 | D:4      | Reached XP level 6. HP: 54/56 MP: 5/5
  2129 | D:4      | Noticed Edmund
  2170 | D:4      | Killed Edmund
  2170 | D:4      | Reached skill level 5 in Long Blades
  2170 | D:4      | Reached skill level 5 in Armour
  2293 | D:4      | Reached XP level 7. HP: 61/61 MP: 6/6
  2521 | D:5      | Entered Level 5 of the Dungeon
  2881 | D:5      | Reached skill level 6 in Shields
  2888 | D:5      | Found a glowing drain.
  2893 | Sewer    | Entered a sewer
  3201 | Sewer    | Got a sparkling jade ring
  3203 | Sewer    | Identified the ring of Sloth {rF+ Int+6 SInv} (You found it in a sewer)
  3555 | D:5      | Reached XP level 8. HP: 57/70 MP: 7/7
  3840 | D:5      | Reached skill level 7 in Shields
  4455 | D:6      | Found a staircase to the Ecumenical Temple.
  4476 | Temple   | Entered the Ecumenical Temple
  4566 | Temple   | Became a worshipper of Warmaster Okawaru
  4659 | D:6      | Reached skill level 8 in Shields
  4659 | D:6      | Reached XP level 9. HP: 76/78 MP: 8/8
  5229 | D:7      | Found Gupsue's Antique Weapon Boutique.
  5252 | D:7      | Noticed Kisielow's ghost (novice MfTm)
  5279 | D:7      | Killed Kisielow's ghost
  5279 | D:7      | Reached * piety under Okawaru
  5279 | D:7      | Reached skill level 9 in Shields
  5784 | D:7      | Reached skill level 10 in Long Blades
  6255 | D:8      | Found a deep blue altar of Sif Muna.
  6263 | D:8      | Reached XP level 10. HP: 80/86 MP: 9/9
  6294 | D:8      | Reached skill level 10 in Shields
  6315 | D:8      | Reached ** piety under Okawaru
  6437 | D:8      | Noticed Maurice
  6452 | D:8      | Killed Maurice
  6970 | D:9      | Reached skill level 11 in Shields
  7121 | D:9      | Reached *** piety under Okawaru
  7378 | D:9      | Found a sparkling altar of Nemelex Xobeh.
  8044 | D:10     | Entered Level 10 of the Dungeon
  8141 | D:10     | Noticed a hill giant
  8152 | D:10     | Killed a hill giant
  8277 | D:10     | Reached skill level 12 in Shields
  8437 | D:10     | Found a staircase to the Lair.
  8628 | D:10     | Found a staircase to the Orcish Mines.
  8913 | D:10     | Noticed an unseen horror
  8935 | D:10     | Killed an unseen horror
  8935 | D:10     | Reached XP level 11. HP: 94/94 MP: 10/10
  8955 | D:11     | Noticed Snorg
  8997 | D:11     | Noticed a cyan ugly thing
  9394 | D:10     | Reached **** piety under Okawaru
  9399 | Lair:1   | Entered Level 1 of the Lair of Beasts
  9402 | Lair:1   | Noticed Gitz's ghost (novice DsBe)
  9419 | Lair:1   | Killed Gitz's ghost
  9450 | Lair:1   | Noticed a lindwurm
  9466 | Lair:1   | Killed a lindwurm
  9757 | Lair:1   | Reached skill level 1 in Stealth
  9966 | Lair:1   | Reached skill level 1 in Invocations
 10179 | Lair:1   | Noticed a five-headed hydra
 10186 | Lair:1   | Killed a one-headed hydra
 10186 | Lair:1   | Reached skill level 13 in Shields
 11341 | Lair:2   | Noticed an oklob plant
 11342 | Lair:2   | Noticed an oklob plant
 11342 | Lair:2   | Noticed an oklob plant
 11368 | Lair:2   | Reached skill level 1 in Axes
 11535 | Lair:2   | Reached ***** piety under Okawaru
 11569 | Lair:2   | Reached skill level 10 in Armour
 11704 | Lair:2   | Noticed Gastronok
 11754 | Lair:2   | Killed Gastronok
 11754 | Lair:2   | Reached skill level 14 in Shields
 11754 | Lair:2   | Reached XP level 12. HP: 87/103 MP: 4/11
 11813 | Lair:2   | Noticed Harold
 11832 | Lair:2   | Killed Harold
 12007 | Lair:2   | Got a bone long sword
 12008 | Lair:2   | Identified the cursed +0 long sword of Osyeg {protect, +Fly rElec rN+} (You found it on level 2 of the Lair of Beasts)
 12035 | Lair:2   | Identified the Disquisition on Displaced Weightlessness
 12319 | Lair:3   | Noticed Rupert
 12815 | D:11     | Killed Snorg
 12815 | D:11     | Reached ****** piety under Okawaru
 13420 | D:11     | Received a gift from Okawaru
 13551 | D:11     | Reached skill level 15 in Shields
 13689 | D:12     | Reached skill level 5 in Dodging
 13828 | D:12     | Noticed an eight-headed hydra
 13847 | D:12     | Killed a one-headed hydra
 13847 | D:12     | Received a gift from Okawaru
 14225 | D:12     | Found Zomuoraell's Weapon Shop.
 14866 | D:13     | Reached XP level 13. HP: 95/111 MP: 13/13
 15277 | D:13     | Reached skill level 16 in Shields
 15549 | D:13     | Found a gate to the Vaults.
 15609 | D:13     | Reached skill level 10 in Fighting
 15973 | D:13     | Received a gift from Okawaru
 15979 | D:13     | Reached skill level 17 in Shields
 16462 | D:13     | Received a gift from Okawaru
 17289 | D:14     | Reached XP level 14. HP: 122/122 MP: 14/14
 17624 | D:14     | Paralysed by a hornet for 2 turns
 17744 | D:14     | Paralysed by a hornet for 2 turns
 18031 | Lair:3   | Found a staircase to the Swamp.
 18466 | Lair:3   | Killed Rupert
 18466 | Lair:3   | Reached skill level 18 in Shields
 18543 | Lair:3   | Received a gift from Okawaru
 18546 | Lair:3   | Got a slimy hat {god gift}
 18579 | Lair:3   | Identified the +0 hat of Inviolability {Dex+5} (Okawaru gifted it to you on level 3 of the Lair of Beasts)
 18790 | Lair:3   | Found a hole to the Spider Nest.
 18897 | Lair:4   | Found a dark tunnel.
 18905 | Volcano  | Entered a volcano
 19037 | Volcano  | Reached skill level 15 in Long Blades
 21312 | Lair:5   | Found a snail-covered altar of Cheibriados.
 21986 | Lair:6   | Entered Level 6 of the Lair of Beasts
 21986 | Lair:6   | Found a staircase to the Slime Pits.
 21986 | Lair:6   | Found a viscous altar of Jiyva.
 22024 | Lair:6   | HP: 1/126 [black mamba (10)]
 22696 | Lair:6   | Received a gift from Okawaru
 22696 | Lair:6   | Reached skill level 19 in Shields
 22977 | Lair:6   | HP: 6/126 [death yak (1)]
 22978 | Lair:6   | HP: 2/126 [wolf (4)]
 23004 | Lair:6   | HP: 6/126 [wolf (4)]
 23033 | Lair:5   | Reached XP level 15. HP: 32/133 MP: 15/15
 23683 | Lair:6   | HP: 4/134 [dire elephant (29)]
 24603 | D:15     | Entered Level 15 of the Dungeon
 25110 | D:15     | Found a staircase to the Depths.
 25459 | D:15     | Received a gift from Okawaru
 26107 | Orc:1    | Entered Level 1 of the Orcish Mines
 26327 | Orc:1    | Found a roughly hewn altar of Beogh.
 26418 | Orc:2    | Entered Level 2 of the Orcish Mines
 26458 | Orc:2    | Found Luuhutto's Antique Weapon Emporium.
 26615 | Orc:2    | Noticed an orc warlord
 26662 | Orc:2    | Killed an orc warlord
 26723 | Orc:2    | Found Yddoi's Antique Armour Boutique.
 26934 | Orc:2    | Found Irucsiupt's Food Boutique.
 27340 | Orc:2    | Found Quno's Jewellery Emporium.
 27341 | Orc:2    | Found a staircase to the Elven Halls.
 27398 | Orc:2    | Found Huisood's General Store.
 27575 | Orc:2    | Bought a pair of glowing boots for 283 gold pieces
 27620 | Orc:2    | Bought the ring of Faluehic {rElec rF+ MR- Slay+5 SInv} for 720 gold pieces
 28029 | Orc:1    | Found Mutseeb's Food Boutique.
 28318 | Lair:1   | Reached skill level 20 in Shields
 28388 | Swamp:1  | Entered Level 1 of the Swamp
 28760 | Swamp:1  | Received a gift from Okawaru
 29008 | Swamp:1  | Got a pair of shimmering gloves
 29019 | Swamp:1  | Identified the +1 pair of gloves of the Swamp {+Blink} (You found it on level 1 of the Swamp)
 29334 | Swamp:2  | Reached XP level 16. HP: 33/145 MP: 16/16
 30311 | Swamp:3  | Noticed a thorn hunter
 30313 | Swamp:3  | Noticed Nikola
 30329 | Swamp:3  | Killed a thorn hunter
 30970 | Swamp:3  | Killed Nikola
 31499 | Swamp:4  | Entered Level 4 of the Swamp
 31538 | Swamp:4  | Received a gift from Okawaru
 31749 | Swamp:4  | Noticed a thorn hunter
 31761 | Swamp:4  | Killed a thorn hunter
 31761 | Swamp:4  | Reached skill level 21 in Shields
 32981 | Swamp:4  | Noticed a bone dragon
 33149 | Swamp:4  | Killed a bone dragon
 33259 | Swamp:4  | Received a gift from Okawaru
 33632 | Swamp:4  | Got a decaying rune of Zot
 33687 | Swamp:4  | HP: 5/147 [spectral five-headed hydra[a spriggan druid] (5)]
 33687 | Swamp:4  | Slain by a spectral spiny frog

Skill      XL: |  1  2  3  4  5  6  7  8  9 10 11 12 13 14 15 16 |
---------------+-------------------------------------------------+-----
Fighting       | 4 5 6 7 8 9 10 12 13 14 | 14.6
Shields        | 4 5 6 8 9 12 14 15 17 19 20 21 | 21.6
Armour         | 4 5 6 7 8 9 10 11 12 13 14 | 14.9
Long Blades    | 3 4 5 6 8 10 11 12 13 14 15 16 | 16.6
Dodging        | 1 2 3 4 5 6 |  6.2
Stealth        | 1 2 3 |  3.6
Invocations    | 1 2 |  2.2
Axes           | 1 2 |  2.1
Unarmed Combat | |  0.7
Evocations     | |  0.6

Action                   |  1- 3 |  4- 6 |  7- 9 | 10-12 | 13-15 | 16-18 || total
-------------------------+-------+-------+-------+-------+-------+-------++-------
Melee: Long sword        |    84 |    98 |   499 |   475 |  1422 |       ||  2578
       Headbutt          |     8 |    20 |   102 |   281 |   720 |   175 ||  1306
       Unarmed           |       |    11 |       |       |       |       ||    11
       Falchion          |       |       |       |   452 |       |       ||   452
       Hand axe          |       |       |       |    14 |     6 |       ||    20
       Scimitar          |       |       |       |       |   488 |   487 ||   975
       Demon blade       |       |       |       |       |       |     3 ||     3
Invok: Heroism           |       |       |     1 |     9 |     5 |     3 ||    18
       Finesse           |       |       |       |     1 |       |       ||     1
Evoke: Wand              |       |       |       |     1 |     2 |       ||     3
  Use: Potion            |       |     1 |     3 |       |     5 |     3 ||    12
       Scroll            |       |       |    14 |    17 |     5 |     6 ||    42
 Stab: Held in net/web   |       |       |       |     2 |       |       ||     2
       Petrified         |       |       |       |       |    10 |       ||    10
       Petrifying        |       |       |       |       |     3 |       ||     3
  Eat: Chunk             |       |     5 |    15 |    39 |    66 |    10 ||   135
       Beef jerky        |       |       |       |     1 |       |     3 ||     4
       Fruit             |       |       |       |     1 |       |     1 ||     2
Armor: Scale mail        |    52 |    20 |       |       |       |       ||    72
       Chain mail        |       |     8 |   226 |   253 |       |       ||   487
       Plate armour      |       |       |       |    33 |   538 |   272 ||   843
Dodge: Dodged            |    36 |    31 |   140 |   244 |   389 |   195 ||  1035
Block: Shield            |    58 |    43 |   435 |   928 |  1506 |   616 ||  3586
       Reflection        |       |       |     4 |    20 |    37 |       ||    61
       Rpst.: Long sword |    14 |     5 |    39 |    25 |    56 |       ||   139
       Falchion          |       |       |       |    29 |       |       ||    29
       Scimitar          |       |       |       |       |    18 |    17 ||    35
